 Dungeon Crawl Stone Soup version 0.27-a0-396-g03f4e8edb7 (webtiles) character file.

Game seed: 14109511144468177957

171 Morbidden the Slasher (level 5, -7/39 HPs)
             Began as a Demonspawn Gladiator on Feb 21, 2021.
             Was a Follower of Cheibriados.
             Killed by divine providence
             ... invoked by an orc priest
              (15 damage)
             ... on level 3 of the Dungeon.
             The game lasted 00:04:46 (3071 turns).

Morbidden the Slasher (Demonspawn Gladiator)        Turns: 3071, Time: 00:04:46

Health: -7/39      AC:  6    Str: 18    XL:     5   Next: 26%
Magic:  6/6        EV: 14    Int: 21    God:    Cheibriados [*.....]
Gold:   150        SH:  0    Dex: 23    Spells: 1/4 levels left

rFire    . . .     SeeInvis .   b - +1 dagger (venom)
rCold    . . .     Faith    .   (no shield)
rNeg     . . .     Spirit   .   q - +0 ring mail
rPois    .         Reflect  .   c - +0 helmet
rElec    .         Harm     .   (no cloak)
rCorr    .         Rampage  .   (no gloves)
Will     .....                  (boots unavailable)
Stlth    +.........             (no amulet)
HPRegen  0.13/turn              n - +6 ring of dexterity
MPRegen  0.10/turn              u - +6 ring of intelligence

@: very slow
A: talons 3, big brain 1
a: Renounce Religion, Bend Time


You were on level 3 of the Dungeon.
You worshipped Cheibriados.
Cheibriados was aware of your devotion.
You visited 1 branch of the dungeon, and saw 3 of its levels.

You collected 150 gold pieces.

Inventory:

Hand Weapons
 a - a +0 long sword
 b - a +1 dagger of venom (weapon)
Missiles
 d - 3 throwing nets (quivered)
 o - 15 poisoned darts
Armour
 c - a +0 helmet (worn)
 q - a +0 ring mail (worn)
Jewellery
 n - a +6 ring of dexterity (left hand)
 u - a +6 ring of intelligence (right hand)
Scrolls
 e - a scroll of teleportation {unknown}
 f - a scroll of enchant armour {unknown}
 k - a scroll of magic mapping {unknown}
 r - 2 scrolls of identify
 v - 2 scrolls of fog {unknown}
 w - a scroll of enchant weapon {unknown}
 x - a scroll of immolation {unknown}
Potions
 g - a potion of might {unknown}
 h - a potion of lignification {unknown}
 i - a potion of heal wounds {unknown}
 j - a potion of invisibility
 l - a potion of haste {unknown}
 m - 2 potions of flight {unknown}
 p - a potion of curing {unknown}
 s - a potion of attraction {unknown}
 t - a potion of degeneration {unknown}


   Skills:
 * Level 2.7 Fighting
 + Level 3.8 Long Blades
 + Level 1.8 Throwing
 + Level 1.2 Armour
 * Level 3.8 Dodging
 + Level 0.2 Stealth
 * Level 1.4 Invocations


You had one spell level left.
You knew the following spells:

 Your Spells              Type           Power        Failure   Level
a - Confusing Touch       Hex            0%           67%         3

Your spell library contained the following spells:

 Spells                   Type           Power        Failure   Level
 Gell's Gravitas          Tloc           0%           67%         3
 Petrify                  Tmut/Erth      0%           97%         4
 Metabolic Englaciation   Hex/Ice        0%           100%        5
 Yara's Violent Unravell  Hex/Tmut       0%           100%        5


Dungeon Overview and Level Annotations

Branches:
Dungeon (3/15)

Altars:
Cheibriados
Beogh

Annotations:
D:3 1 runed translucent door, Crazy Yiuf


Innate Abilities, Weirdness & Mutations

You have claws for feet.
You have an unusually large brain. (Int +2)


Message History

No target in view!
No target in view!
No target in view!
Your +1 dagger of venom begins to drip with poison!
b - a +1 dagger of venom (weapon)
An orc comes into view. It is wielding a +0 dagger.
The orc shouts!
An orc is nearby!
An orc is nearby!
You hit the orc. Your kick misses the orc.
The orc is moderately wounded.
The orc closely misses you.
You hit the orc.
The orc is poisoned.
You claw the orc.
You kill the orc!
Cheibriados appreciates the change of pace.
No target in view!
Key pressed, stopping explore.
No target in view!
No target in view!
Key pressed, stopping explore.
No target in view!
No target in view!
No target in view!
No target in view!
You see here a bat corpse.
You open the door. 3 orcs and 2 orc priests come into view.
The orc priest shouts!
The orc shouts! x3; The orc priest shouts!
Found 42 gold pieces.
Found a roughly hewn altar of Beogh.
You close the door.
An orc opens the door.
The orc priest calls down the wrath of Beogh upon you.
Beogh smites you!
The orc priest mumbles some strange prayers to Beogh against you.
Beogh smites you!
* * * LOW HITPOINT WARNING * * *
Okay, then.
The orc completely misses you.
The orc priest calls down the wrath of Beogh upon you.
Beogh smites you!
You die...

## ##.......######## >#
#.......# .# #.......#
.# #####.### #### #.##
###### )..## #..#
##.o..# ##..# ##.##
#.o##'#
##.#########.####o##...#
#.#...........@o.#$8o8$#
#.#.############.#..$..#
# #.#.#......# ###.8o8.#
###.#.#......# ##._$##
.##.#.#......# #####
..#.#.#......#
....#.#......#
###.#.#......#
#...###.####


You could see an orc priest and 3 orcs.

Vanquished Creatures
  Jessica (D:3)
  Robin (D:3)
  3 adders
  An ooze (D:1)
  4 worms
  5 leopard geckos
  8 orcs (D:3)
  6 bats
  3 giant cockroaches
  16 goblins
  7 hobgoblins
  3 jackals (D:3)
  5 kobolds
  2 ball pythons (D:3)
  5 frilled lizards
  7 rats
77 creatures vanquished.

Vanquished Creatures (others)
  15 plants
15 creatures vanquished.

Grand Total: 92 creatures vanquished

Notes
Turn   | Place    | Note
-------+----------+-------------------------------------------
     0 | D:1      | Morbidden the Demonspawn Gladiator began the quest for the
                  | Orb.
     0 | D:1      | Reached XP level 1. HP: 16/16 MP: 1/1
   127 | D:1      | Gained mutation: You have sharp toenails. [demonic
                  | ancestry]
   127 | D:1      | Reached XP level 2. HP: 19/22 MP: 2/2
   848 | D:2      | Gained mutation: You have an unusually large brain. (Int
                  | +2) [demonic ancestry]
   848 | D:2      | Reached XP level 3. HP: 26/27 MP: 3/3
  1087 | D:2      | Found a faded altar of an unknown god.
  1422 | D:2      | Found a snail-covered altar of Cheibriados.
  1448 | D:2      | Became a worshipper of Cheibriados the Contemplative
  1504 | D:2      | Gained mutation: You have razor-sharp toenails. [demonic
                  | ancestry]
  1504 | D:2      | Reached XP level 4. HP: 34/34 MP: 4/4
  1807 | D:3      | Reached * piety under Cheibriados
  2385 | D:3      | Noticed Jessica
  2390 | D:3      | Killed Jessica
  2391 | D:3      | Reached skill level 1 in Armour
  2391 | D:3      | Reached skill level 1 in Invocations
  2502 | D:3      | Gained mutation: You have claws for feet. [demonic
                  | ancestry]
  2502 | D:3      | Reached XP level 5. HP: 39/39 MP: 4/6
  2693 | D:3      | Found a runed translucent door.
  2694 | D:3      | Noticed Crazy Yiuf
  2758 | D:3      | Noticed Robin
  2766 | D:3      | Killed Robin
  2926 | D:3      | Learned a level 3 spell: Confusing Touch
  3064 | D:3      | Found a roughly hewn altar of Beogh.
  3071 | D:3      | Killed from afar by an orc priest

Illustrated notes

Levels and vault maps discovered:
D:1:      dpeg_arrival_rooms_with_view, layout_loops_ring, serial_bayou_lake_a
D:2:      layout_rooms, lemuel_doored_altar, chequers_ecumenical_altar_lobes
D:3:      layout_rooms, serial_co_window_serial, co_window_of_opportunity_a,
          co_window_of_opportunity_a, co_window_paths_b, co_window_paths_a,
          co_window_paths_a, co_window_paths_b, co_window_paths_a,
          co_window_2corner, co_window_corner_cb, co_window_corner_ca,
          co_window_broadway_b, co_window_corner_b, co_window_corner_b,
          co_window_paths_d, glass_columns_a, glass_columns_a, glass_columns_b,
          glass_columns_c, glass_columns_b, kennysheep_orc_chapel,
          uniq_crazy_yiuf_cottage, uniq_robin, uniq_jessica

Skill      XL: |  1  2  3  4 |
---------------+-------------+-----
Dodging        | 3 |  3.8
Long Blades    | 3 |  3.8
Armour         | 1 |  1.2
Invocations    | 1 |  1.4
Fighting       | |  2.7
Throwing       | |  1.8
Stealth        | |  0.2

Action                   |  1- 3 |  4- 6 || total
-------------------------+-------+-------++-------
Melee: Long sword        |    74 |    59 ||   133
       Kick              |    12 |    34 ||    46
       Dagger            |       |     8 ||     8
  Use: Scroll            |       |     1 ||     1
 Stab: Sleeping          |     1 |     1 ||     2
Armor: Leather armour    |    24 |     3 ||    27
       Ring mail         |       |    19 ||    19
Dodge: Dodged            |    52 |    46 ||    98
       Rpst.: Long sword |    15 |    14 ||    29

Table legend: (Time is in decaauts)
 A = Elapsed time spent in this place.
 B = Non-inter-level travel time spent in this place.
 C = Inter-level travel time spent in this place.
 D = Time resting spent in this place.
 E = Time spent auto-exploring this place.
 F = Levels seen in this place.
 G = Mean time per level.
                   A        B        C        D        E       F      G
               +--------+--------+--------+--------+--------+-----+--------+
         Total |   3546 |   3424 |    122 |    367 |   2495 |   3 | 1182.0 |
       Dungeon |   3546 |   3424 |    122 |    367 |   2495 |   3 | 1182.0 |
               +--------+--------+--------+--------+--------+-----+--------+

Top non-repeatable levels by time:
     D:3: 1719 daAuts
     D:2: 1040 daAuts
     D:1: 786 daAuts
